 Dungeon Crawl Stone Soup version 0.27-a0-797-g27d10ad80f (webtiles) character file.

Game seed: 11077588075302893851

11 polve the Skirmisher (level 2, -2/24 HPs)
             Began as a Demonspawn Abyssal Knight on Mar 27, 2021.
             Was a Follower of Lugonu.
             Slain by a jackal (3 damage)
             ... on level 1 of the Dungeon.
             The game lasted 00:00:24 (583 turns).

polve the Skirmisher (Demonspawn Abyssal Knight)     Turns: 583, Time: 00:00:24

Health: -2/24      AC:  3    Str: 12    XL:     2   Next: 13%
Magic:  3/3        EV: 11    Int: 13    God:    Lugonu [*.....]
Gold:   23         SH:  0    Dex: 12    Spells: 1/1 levels left

rFire    . . .     SeeInvis .   a - +1 falchion
rCold    . . .     Faith    .   (no shield)
rNeg     . . .     Spirit   .   b - +0 leather armour
rPois    .         Reflect  .   (no helmet)
rElec    .         Harm     .   (no cloak)
rCorr    .         Rampage  .   (no gloves)
Will     .....                  (no boots)
Stlth    +.........             (no amulet)
HPRegen  0.08/turn              (no ring)
MPRegen  0.08/turn              (no ring)

@: no status effects
A: powered by pain 1
a: Renounce Religion, Depart the Abyss


You were on level 1 of the Dungeon.
You worshipped Lugonu.
Lugonu was aware of your devotion.
You visited 1 branch of the dungeon, and saw 1 of its levels.
You visited the Abyss 1 time.

You collected 23 gold pieces.

Inventory:

Hand Weapons
 a - a +1 falchion (weapon)
Armour
 b - a +0 leather armour (worn)
Scrolls
 c - a scroll of amnesia {unknown}


   Skills:
 - Level 3.0 Fighting
 + Level 2.6 Long Blades
 - Level 1.7 Armour
 - Level 0.8 Dodging
 - Level 2.4 Invocations


You had one spell level left.
You didn't know any spells.
Your spell library contained the following spells:

 Spells                   Type           Power      Damage    Failure   Level
 Animate Skeleton         Necr           0%         N/A       36%         1
 Apportation              Tloc           0%         N/A       36%         1
 Corona                   Hex            0%         N/A       36%         1
 Summon Small Mammal      Summ           0%         N/A       36%         1


Dungeon Overview and Level Annotations

Branches:
Dungeon (1/15)

Altars:


Innate Abilities, Weirdness & Mutations

You sometimes gain a little power by taking damage.


Message History

The jackal misses you.
You riposte.
You hit the jackal.
You kill the jackal!
Lugonu accepts your kill.
You can now depart the Abyss.
The goblin barely misses you. The goblin closely misses you.
The goblin misses you.
The frilled lizard bites you but does no damage.
The goblin misses you.
You riposte.
You completely miss the goblin.
The frilled lizard bites you but does no damage.
The goblin hits you with a +0 club.
The frilled lizard bites you but does no damage.
The goblin hits you but does no damage. The goblin hits you with a +0 club.
The frilled lizard bites you.
* * * LOW HITPOINT WARNING * * *
The frilled lizard closely misses you. The goblin hits you with a +0 club.
* * * LOW HITPOINT WARNING * * *
The frilled lizard closely misses you. The goblin closely misses you.
The frilled lizard barely misses you. The goblin barely misses you.
The frilled lizard completely misses you.
The goblin barely misses you. The goblin misses you.
The frilled lizard closely misses you.
You riposte.
You closely miss the frilled lizard.
The frilled lizard completely misses you.
You riposte.
You barely miss the frilled lizard. The goblin closely misses you.
The frilled lizard bites you but does no damage.
The goblin closely misses you. The frilled lizard barely misses you.
The goblin hits you but does no damage. The frilled lizard closely misses you.
The goblin barely misses you.
You riposte.
You hit the goblin.
You kill the goblin!
Lugonu accepts your kill. The jackal barely misses you.
The frilled lizard closely misses you.
You riposte.
You hit the frilled lizard.
The frilled lizard is heavily wounded.
The jackal bites you.
* * * LOW HITPOINT WARNING * * *
The frilled lizard bites you.
* * * LOW HITPOINT WARNING * * *
The jackal bites you.
You die...

#####.#####
.##.........#
......#.###.#
..#.#....##
..........#
..###....##
......#.##
#######l# #@#
#h#


wgS .hhr. ....... ......... +.>.......+ ..........# You could see a dart slug, 3
jackals, a goblin, a ball python, a frilled lizard and a rat.

Vanquished Creatures
  A ball python (D:1)
  2 bats (D:1)
  A goblin (D:1)
  A hobgoblin (D:1)
  3 jackals (D:1)
8 creatures vanquished.

Notes
Turn   | Place    | Note
-------+----------+-------------------------------------------
     0 | Abyss:1  | polve the Demonspawn Abyssal Knight began the quest for the
                  | Orb.
     0 | Abyss:1  | Reached XP level 1. HP: 18/18 MP: 2/2
    14 | Abyss:1  | Found a viscous altar of Jiyva.
    98 | Abyss:1  | Noticed a spatial maelstrom
   100 | Abyss:1  | Noticed a spatial vortex
   102 | Abyss:1  | Noticed a spatial vortex
   103 | Abyss:1  | Noticed a spatial vortex
   103 | Abyss:1  | Noticed a spatial vortex
   105 | Abyss:1  | Noticed a spatial vortex
   106 | Abyss:1  | Noticed a spatial vortex
   107 | Abyss:1  | Noticed a spatial vortex
   108 | D:1      | Escaped the Abyss
   461 | D:1      | Gained mutation: You sometimes gain a little power by
                  | taking damage. [demonic ancestry]
   461 | D:1      | Reached XP level 2. HP: 24/24 MP: 3/3
   565 | D:1      | Reached * piety under Lugonu
   583 | D:1      | HP: 1/24 [frilled lizard (1)]
   583 | D:1      | Slain by a jackal

Illustrated notes

Levels and vault maps discovered:
D:1:      heliophobic_arrival_enchanted_forest, layout_loops_corners,
          minmay_bisected

Skill      XL: |  1 |
---------------+----+-----
Long Blades    | 2 |  2.6
Fighting       | |  3.0
Armour         | |  1.7
Dodging        | |  0.8
Invocations    | |  2.4

Action                   || total
-------------------------++-------
Melee: Falchion          ||    17
Invok: Depart the Abyss  ||     1
Armor: Leather armour    ||    40
Dodge: Dodged            ||    72
       Rpst.: Falchion   ||    21

Table legend: (Time is in decaauts)
 A = Elapsed time spent in this place.
 B = Non-inter-level travel time spent in this place.
 C = Inter-level travel time spent in this place.
 D = Time resting spent in this place.
 E = Time spent auto-exploring this place.
 F = Levels seen in this place.
 G = Mean time per level.
                   A        B        C        D        E       F      G
               +--------+--------+--------+--------+--------+-----+--------+
         Total |    586 |    586 |      0 |      0 |    472 |   2 |  293.0 |
       Dungeon |    478 |    478 |      0 |      0 |    375 |   1 |  478.0 |
         Abyss |    108 |    108 |      0 |      0 |     97 |   1 |  108.0 |
               +--------+--------+--------+--------+--------+-----+--------+

Top non-repeatable levels by time:
     D:1: 478 daAuts
 Abyss:1: 108 daAuts
